 Dungeon Crawl Stone Soup version 0.26-a0-591-g04f19ec95a (webtiles) character file.

Game seed: 4406460899335496326

565314 GeoCrane the Hoplite (level 25, -1/343 (352) HPs)
             Began as a Minotaur Berserker on Aug 22, 2020.
             Was a High Priest of Trog.
             Splashed by an acid blob's acid (4 damage)
             ... created by the Royal Jelly
             ... on level 4 of the Pits of Slime on Aug 24, 2020.
             The game lasted 10:12:30 (80033 turns).

GeoCrane the Hoplite (Minotaur Berserker)          Turns: 80033, Time: 10:12:30

HP:   -1/343 (352)  AC: 40    Str: 34    XL:     25   Next: 47%
MP:   31/31         EV:  9    Int:  4    God:    Trog [*****.]
Gold: 5858          SH:  5    Dex:  8    Spells: 24/24 levels left

rFire    . . .     SeeInvis .   Z - +7 lajatang of Order {silver, rMut}
rCold    . . .     Faith    .   (shield currently unavailable)
rNeg     . . .     Spirit   .   Q - +6 crystal plate armour
rPois    +         Reflect  +   S - +2 hat
rElec    +         Harm     .   u - +1 cloak {rCorr}
rCorr    +                      A - +0 pair of gloves of Discretion {rElec rPois MR+}
rMut     +                      x - +2 pair of boots {run}
MR       ++...                  O - amulet "Asuocen" {Reflect Fragile +Inv rElec MP+9 SH+5}
Stlth    ..........             B - ring of resist corrosion
HPRegen  0.67/turn              R - ring of resist corrosion
MPRegen  0.22/turn

@: berserking, corroded, very quick
A: retaliatory headbutt, horns 2, talons 2, yellow scales 1, blurry vision 1,
clumsy 1, sturdy frame 1
}: 3/15 runes: decaying, serpentine, silver
a: Berserk, Trog's Hand, Brothers in Arms, Renounce Religion, Evoke Invisibility


You were on level 4 of the Pits of Slime.
You worshipped Trog.
Trog was extremely pleased with you.
You visited 11 branches of the dungeon, and saw 51 of its levels.
You visited the Abyss 1 time.
You visited 1 bazaar.
You also visited: Gauntlet.

You collected 9064 gold pieces.
You spent 3206 gold pieces at shops.

Inventory:

Hand Weapons
 a - a +9 vorpal spear
 b - a +5 vorpal hand crossbow
 Z - the +7 lajatang of Order (weapon) {silver, rMut}
   (You took it off a tengu reaver on level 5 of the Vaults)

   It protects you from mutation.
Missiles
 p - 34 poisoned darts
 F - 5 atropa-tipped darts (quivered)
 K - 15 curare-tipped darts
 Y - 1793 bolts
Armour
 i - a +2 tower shield
 u - a +1 cloak of preservation (worn)
 x - a +2 pair of boots of running (worn)
 A - the +0 pair of gloves of Discretion (worn) {rElec rPois MR+}
   (You acquired it on level 2 of the Orcish Mines)

   It insulates you from electricity.
   It protects you from poison.
   It affects your resistance to hostile enchantments.
 Q - a +6 crystal plate armour (worn)
 S - a +2 hat (worn)
Jewellery
 f - the ring of the Philosopher {+Fly rF+ rC+ Slay+3 Stlth+}
   (You took it off a deep elf high priest on level 3 of the Elven Halls)

   [ring of protection from fire]

   It affects your accuracy and damage with ranged weapons and melee attacks
   (+3).
   It protects you from fire.
   It protects you from cold.
   It lets you fly.
   It makes you more stealthy.
 q - the ring "Miul" {*Corrode MR++ Int+5 Dex+6}
   (You took it off a naga sharpshooter on level 2 of the Snake Pit)

   [ring of dexterity]

   It affects your intelligence (+5).
   It affects your dexterity (+6).
   It affects your resistance to hostile enchantments.
   It may corrode you when you take damage.
 B - a ring of resist corrosion (left hand)
 O - the amulet "Asuocen" (around neck) {Reflect Fragile +Inv rElec MP+9 SH+5}
   (You found it on level 2 of the Vaults)

   [amulet of reflection]

   It shields you and reflects attacks.
   It insulates you from electricity.
   It affects your magic capacity (+9).
   It lets you turn invisible.
   It will be destroyed if unequipped.
   It affects your SH (+5).
 R - a ring of resist corrosion (right hand)
Wands
 k - a wand of paralysis (37)
 n - a wand of iceblast (48)
 s - a wand of digging (13)
 D - a wand of enslavement (12)
 E - a wand of flame (36)
 M - a wand of acid (44)
 P - a wand of polymorph (22)
Scrolls
 d - 7 scrolls of fear
 h - 31 scrolls of remove curse
 j - 10 scrolls of teleportation
 o - 6 scrolls of summoning
 r - 2 scrolls of magic mapping
 t - a scroll of holy word
 v - 4 scrolls of enchant weapon
 w - 2 scrolls of fog
 y - 2 scrolls of silence
 z - 5 scrolls of immolation
 L - 13 scrolls of identify
Potions
 e - 8 potions of lignification
 g - 12 potions of curing
 m - 3 potions of haste
 C - 2 potions of flight
 H - 11 potions of heal wounds
Miscellaneous
 c - a tin of tremorstones (3/3)
 l - a condenser vane (inert)
 G - a phantom mirror
 J - a phial of floods
 N - a box of beasts (1/3)


   Skills:
 + Level 21.2 Fighting
 + Level 23.7 Polearms
 - Level 10.0 Crossbows
 - Level 8.3 Throwing
 + Level 24.0 Armour
 - Level 2.1 Dodging
 - Level 25.0 Shields
 + Level 17.0 Evocations


You had 24 spell levels left.
You didn't know any spells.
Your spell library was empty.

Dungeon Overview and Level Annotations

Branches:
Dungeon (15/15)            Temple (1/1) D:6            Lair (6/6) D:11
  Swamp (4/4) Lair:4        Snake (4/4) Lair:2        Slime (5/5) Lair:5
    Orc (2/2) D:9             Elf (3/3) Orc:2        Vaults (5/5) D:14
  Crypt (0/3) Vaults:2     Depths (5/5) D:15            Zot (1/5) Depths:5
Gauntlet (visited)

Altars:
Ashenzari
Cheibriados
Dithmenos
Elyvilon
Fedhas
Gozag
Hepliaklqana
Kikubaaqudgha
Makhleb
Nemelex Xobeh
Okawaru
Qazlal
Ru
Sif Muna
Trog
Uskayaw
Vehumet
Wu Jian
Xom
Yredelemnul
Zin
The Shining One
Beogh

Shops:
Orc:2 }(*:[   Depths:2 }}=

Portals:
Hell: Depths:1 Depths:2 Depths:3 Depths:4 Depths:5
Abyss: Depths:2 Depths:3 Depths:4 Depths:5
Pandemonium: Depths:3
Ziggurat: Depths:5

Annotations:
Slime:5 Royal Jelly
Depths:4 2 runed translucent doors
Depths:5 1 runed translucent door, Zadkiel's ghost, veteran GrEE


Innate Abilities, Weirdness & Mutations

You reflexively headbutt those who attack you in melee.
You have a pair of horns on your head.
You have razor-sharp toenails.
You are partially covered in yellow scales. (AC +2)
Scrolls take you a little longer to read.
You are clumsy. (Dex -2)
Your movements are slightly less encumbered by armour. (ER -2)


Message History

The death ooze hits you.
* * * LOW HITPOINT WARNING * * *
You block the death ooze's attack. The death ooze misses you.
The death ooze hits you but does no damage.
You slice the death ooze!!
The silver sears the death ooze!
You destroy the death ooze!
That felt strangely unrewarding.
The acid blob closely misses you.
You barely miss the death ooze. You block the azure jelly's attack.
The azure jelly hits you.
* * * LOW HITPOINT WARNING * * *
The azure jelly freezes you!!
* * * LOW HITPOINT WARNING * * *
The azure jelly hits you but does no damage. x2
The death ooze hits you but does no damage. x2
You hit the death ooze.
The silver sears the death ooze!
The death ooze is lightly damaged.
The acid blob hits you!!
* * * LOW HITPOINT WARNING * * *
You are splashed with acid.
You resist.
You die...

#.#.##........##.....
########.....#.###......
##.##..#.......##
##.#...
##...............#
###..# ##
#...............## #....
##.##................##
#....
#......#..............##
##.#.
#......##..J..........##
####
#.......#...@J...#.....#
#
##.#.......J..........##
###........<..#...####
###................# .
##.................## .
#..................# .
##.#...#..........##
#......#........###
##.#...........#.##


You could see an acid blob, an azure jelly and a death ooze.

Vanquished Creatures
  The ghost of Paarhy the Hoplite, a legendary MfBe of Trog (Vaults:2)
  Mara (Vaults:2)
  the Lernaean hydra (Swamp:4)
  Bai Suzhen (Depths:1)
  Saint Roka (Vaults:3)
  Nikola (Snake:3)
  4 golden dragons
  3 tentacled monstrosities
  A lich (Depths:3)
  2 deep elf master archers (Elf:3)
  5 titans
  3 deep elf blademasters
  The ghost of Xeizxiocw the Executioner, an adept HOFi of Okawaru (Swamp:2)
  Frances (Elf:1)
  The ghost of Miduin the Bludgeoner, an adept TeSu of Okawaru (Vaults:2)
  16 acid blobs
  3 sphinxes
  4 storm dragons
  2 thorn hunters (Swamp:3)
  12 azure jellies
  7 nagarajas
  2 shadow dragons
  A draconian monk (Zot:1)
  8 tengu reavers
  Roxanne (Elf:2)
  17 vault wardens
  6 fire giants
  2 iron dragons
  A draconian knight (Zot:1)
  The ghost of Lofupn the Imperceptible, an adept SpEn of Wu Jian (Vaults:2)
  5 deep elf sorcerers
  8 frost giants
  2 orc warlords (Orc:2)
  2 draconian scorchers
  Aizul (Depths:1)
  A balrug (Depths:4)
  The ghost of rasy the Sharpshooter, a journeyman MiHu of Okawaru (Lair:5)
  5 deep elf elementalists
  3 spriggan defenders (Depths:4)
  17 ironheart preservers
  2 entropy weavers
  19 very ugly things
  3 vampire knights
  29 stone giants
  A minotaur (Gauntlet)
  10 deep elf annihilators
  15 deep elf demonologists
  A dire elephant (shapeshifter) (Vaults:5)
  A red draconian (Depths:5)
  A white draconian (Zot:1)
  2 yellow draconians
  2 purple draconians (Depths:5)
  16 ettins
  Snorg (D:14)
  Josephine (D:12)
  11 fire dragons
  7 deep elf death magi (Elf:3)
  12 death oozes
  A green death (Depths:4)
  A blizzard demon (Depths:4)
  8 great orbs of eyes
  27 vault guards
  5 deep elf high priests
  12 naga warriors
  14 ice dragons
  6 rakshasas
  14 yaktaur captains
  4 ghost crabs
  18 hydras
  2 spriggan air magi
  2 shambling mangroves
  7 centaur warriors
  5 anacondas
  8 tengu warriors
  13 alligators
  15 deep troll shamans
  22 dancing weapons
  2 death knights
  19 ogre magi
  49 two-headed ogres
  A shock serpent (shapeshifter) (Depths:4)
  Urug (Lair:3)
  9 deep troll earth magi
  2 spriggan berserkers
  2 vampire magi
  A thrashing horror (Gauntlet)
  5 shock serpents
  A hell hog (Depths:4)
  18 naga sharpshooters
  2 orc high priests (Orc:2)
  Sonja (Orc:1)
  18 deep elf knights
  5 iron trolls
  Nergalle (Orc:2)
  A fire crab (shapeshifter) (D:14)
  2 salamander mystics
  3 unseen horrors (D:15)
  19 hell knights
  A spriggan druid (Swamp:1)
  6 wizards
  A shadow wraith (Vaults:1)
  25 deep trolls
  A glowing orange brain (shapeshifter) (Depths:1)
  3 skeletal warriors (D:15)
  6 glowing orange brains
  An unseen horror (shapeshifter) (D:15)
  2 flayed ghosts
  A swamp dragon (shapeshifter) (Vaults:5)
  17 orc knights
  14 deep elf archers
  11 swamp dragons
  5 naga ritualists
  13 ironbrand convokers
  A phantasmal warrior (Vaults:2)
  3 harpies
  69 deep elf magi
  44 ugly things
  A harpy (shapeshifter) (Vaults:4)
  A cyclops (shapeshifter) (Vaults:2)
  A shadow dragon skeleton (D:15)
  6 shining eyes
  2 wolf spiders (Vaults:1)
  8 necromancers
  A mana viper (shapeshifter) (Elf:1)
  7 cyclopes
  7 mana vipers
  4 oklob plants
  16 salamanders
  9 orc sorcerers
  5 moths of wrath (Zot:1)
  32 black mambas
  A guardian serpent (shapeshifter) (Elf:2)
  3 guardian serpents
  3 smoke demons
  A black mamba (shapeshifter) (Vaults:5)
  The ghost of Azo the Ruffian, a novice NaTm (D:6)
  3 orange demons (Depths:4)
  A torpor snail (Lair:4)
  3 eyes of devastation
  14 vault sentinels
  23 naga magi
  3 gargoyles
  20 cane toads
  A cane toad (shapeshifter) (D:15)
  A spriggan zombie (D:15)
  12 freezing wraiths
  6 komodo dragons
  4 kobold demonologists (Depths:4)
  A yaktaur zombie (D:15)
  41 yaktaurs
  2 rime drakes
  A demonic crawler (Abyss:2)
  An efreet (D:14)
  A yaktaur (shapeshifter) (Vaults:3)
  A troll (shapeshifter) (Depths:3)
  3 tengu conjurers
  6 trolls
  A meliai (shapeshifter) (D:14)
  A jumping spider (shapeshifter) (Vaults:1)
  11 tyrant leeches
  A merfolk (shapeshifter) (Depths:2)
  5 polar bears (Lair:6)
  A hornet (shapeshifter) (Depths:1)
  25 blink frogs
  5 hippogriffs
  124 slime creatures
  12 bog bodies
  22 hornets
  A dream sheep (Lair:6)
  A fire giant simulacrum (Vaults:1)
  A deep troll skeleton (D:15)
  22 spriggans
  2 redbacks (Vaults:3)
  3 air elementals
  2 spriggans (shapeshifter)
  2 shadows
  6 wraiths
  A wyvern (shapeshifter) (Depths:2)
  47 yaks
  4 wyverns
  A ynoxinul (Depths:4)
  4 basilisks
  A hog (shapeshifter) (Vaults:3)
  3 fire bats (Abyss:2)
  A golden eye (shapeshifter) (D:15)
  20 golden eyes
  8 fire elementals
  17 water elementals
  6 vampire mosquitoes (Swamp:1)
  Menkaure (D:4)
  29 swamp worms
  9 wargs
  A human simulacrum (Vaults:1)
  2 swamp worms (shapeshifter)
  37 nagas
  2 acid dragons
  Edmund (D:5)
  13 water moccasins
  A soldier ant (shapeshifter) (Depths:4)
  A porcupine (shapeshifter) (Vaults:2)
  4 floating eyes
  8 hell hounds (Depths:4)
  4 porcupines
  5 black bears
  An ettin simulacrum (Vaults:2)
  5 ice beasts
  3 eyes of draining (shapeshifter)
  A black bear (shapeshifter) (D:14)
  4 eyes of draining
  3 sky beasts
  44 orc warriors
  42 ogres
  10 swamp drakes
  17 wolves
  2 phantoms
  22 boggarts
  A wolf (shapeshifter) (Vaults:1)
  17 centaurs
  8 crocodiles
  3 big kobolds
  Blork the orc (D:5)
  5 earth elementals
  20 bullfrogs
  2 gnoll sergeants (D:10)
  A wyvern zombie (D:15)
  3 small abominations (Gauntlet)
  5 scorpions
  23 killer bees
  15 wights
  6 howler monkeys
  An electric eel (D:9)
  2 bullfrog zombies
  5 jellies
  4 centaur zombies
  8 hounds
  28 orc priests
  7 centaur skeletons
  4 iguanas
  Ijyb (D:4)
  37 orc wizards
  12 worker ants
  2 killer bee zombies
  2 hound skeletons
  6 worker ant zombies
  3 gnolls (D:3)
  6 adders
  2 shadow imps (D:7)
  3 white imps
  2 ufetubi (D:9)
  7 oozes
  An adder zombie (D:3)
  2 adder skeletons
  3 worms
  2 dart slugs (D:1)
  7 leopard geckos
  101 orcs
  A ball python (D:5)
  3 giant cockroaches
  12 goblins
  10 hobgoblins
  5 jackals
  20 kobolds
  A quokka (D:7)
  6 bats
  4 frilled lizards
  2 leopard gecko skeletons
  2 leopard gecko zombies
  2 quokka skeletons
  8 rats
  16 briar patches
  4 crawling corpses (Elf:3)
2213 creatures vanquished.

Vanquished Creatures (collateral kills)
  Sojobo (Vaults:2)
  A golden dragon (Vaults:5)
  The ghost of Zaor the Victor of a Thousand Battles, an adept GnSk of Okawaru (Vaults:2)
  The ghost of Erghig the Lord of Darkness, an adept DrIE of Kikubaaqudgha (Vaults:2)
  A quicksilver dragon (Zot:1)
  A thorn hunter (Swamp:2)
  A sphinx (Vaults:5)
  A tengu reaver (Vaults:2)
  A shadow dragon (Vaults:5)
  A nagaraja (Snake:2)
  An azure jelly (Slime:5)
  A fire giant (Vaults:5)
  A draconian knight (Zot:1)
  2 frost giants
  An iron dragon (Vaults:5)
  2 vault wardens (Vaults:5)
  An ironheart preserver (Vaults:4)
  The ghost of Keaj the Unseen, an adept FeCK of Zin (Vaults:2)
  A stone giant (Vaults:2)
  2 deep elf demonologists (Vaults:5)
  3 very ugly things (Vaults:5)
  A deep elf annihilator (Elf:3)
  A deep elf death mage (Vaults:4)
  A deep elf high priest (Vaults:5)
  A hydra (Swamp:4)
  An alligator (Swamp:2)
  A two-headed ogre (Vaults:5)
  A naga sharpshooter (Snake:2)
  2 skeletal warriors (D:15)
  A large abomination (Elf:3)
  A deep troll (Vaults:2)
  An orc knight (Orc:2)
  2 swamp dragons (Swamp:4)
  A deep elf mage (Vaults:5)
  A phantasmal warrior (Vaults:5)
  A harpy (Vaults:5)
  An ugly thing (Vaults:5)
  An orc sorcerer (Orc:2)
  A vault sentinel (Vaults:5)
  A gargoyle (D:10)
  A cane toad (Swamp:4)
  A yaktaur (Vaults:5)
  2 hornets (Lair:6)
  A bog body (Swamp:4)
  A slime creature (Slime:5)
  3 orc warriors
  A swamp drake (Swamp:4)
  3 ogres
  3 wolves (Lair:6)
  A big kobold (D:12)
  2 orc wizards (Orc:2)
  An adder (D:10)
  A white imp (D:10)
  9 orcs
  A kobold (D:12)
  A plant (Lair:6)
79 creatures vanquished.

Vanquished Creatures (others)
  Asterion (Snake:3)
  2 naga ritualists (Snake:2)
  A salamander (Snake:4)
  A black mamba (Snake:2)
  A yaktaur (Depths:4)
  A swamp worm (Swamp:4)
  3 boggarts
  An orc wizard (D:9)
  49 fungi
  50 plants
  14 withered plants
124 creatures vanquished.

Grand Total: 2416 creatures vanquished

Notes
Turn   | Place    | Note
-------+----------+-------------------------------------------
     0 | D:1      | GeoCrane the Minotaur Berserker began the quest for the
                  | Orb.
     0 | D:1      | Reached XP level 1. HP: 19/19 MP: 0/0
   156 | D:1      | Reached XP level 2. HP: 26/26 MP: 1/1
   463 | D:1      | Reached skill level 5 in Polearms
   519 | D:1      | Reached XP level 3. HP: 21/31 MP: 2/2
   725 | D:2      | Found a faded altar of an unknown god.
  1295 | D:2      | Found a shattered altar of Ashenzari.
  1300 | D:2      | Found a basalt altar of Yredelemnul.
  1310 | D:2      | Found an iron altar of Okawaru.
  1315 | D:2      | Found an opulent altar of Gozag.
  1322 | D:2      | Found a white marble altar of Elyvilon.
  1327 | D:2      | Found a glowing golden altar of the Shining One.
  1338 | D:2      | Found a snail-covered altar of Cheibriados.
  1538 | D:3      | Reached ** piety under Trog
  1555 | D:3      | Reached XP level 4. HP: 27/39 MP: 3/3
  1998 | D:3      | Reached XP level 5. HP: 39/45 MP: 4/4
  2079 | D:3      | Noticed an orc warrior
  2149 | D:3      | Killed an orc warrior
  2345 | D:3      | Reached XP level 6. HP: 51/51 MP: 5/5
  3420 | D:4      | Reached XP level 7. HP: 57/57 MP: 6/6
  3474 | D:4      | Noticed Menkaure
  3478 | D:4      | Killed Menkaure
  3478 | D:4      | Reached *** piety under Trog
  3478 | D:4      | Reached skill level 10 in Polearms
  3570 | D:4      | Noticed Ijyb
  3590 | D:4      | Killed Ijyb
  3851 | D:4      | Found a glowing golden altar of the Shining One.
  4460 | D:5      | Entered Level 5 of the Dungeon
  5119 | D:5      | Reached XP level 8. HP: 41/64 MP: 7/7
  5967 | D:5      | Reached **** piety under Trog
  6045 | D:5      | Noticed Blork the orc
  6060 | D:5      | Killed Blork the orc
  6444 | D:6      | Noticed Edmund
  6628 | D:5      | Killed Edmund
  7007 | D:6      | Found a staircase to the Ecumenical Temple.
  7070 | D:6      | Reached XP level 9. HP: 69/70 MP: 8/8
  7142 | D:6      | Found a runed translucent door.
  7346 | D:6      | Noticed Azo's ghost (novice NaTm)
  7692 | D:7      | Reached skill level 1 in Throwing
  7692 | D:7      | Reached skill level 1 in Evocations
  8104 | D:7      | Noticed a moth of wrath
  8107 | D:7      | Found a bloodstained altar of Trog.
  8489 | D:8      | Reached skill level 5 in Armour
  8669 | D:8      | Reached skill level 5 in Fighting
  8775 | D:8      | Reached ***** piety under Trog
  9409 | D:8      | Reached XP level 10. HP: 82/82 MP: 9/9
  9460 | D:8      | Got a fine chain mail
  9471 | D:8      | Identified the +7 chain mail "Neniyqou" {Harm MR+ rCorr}
                  | (You found it on level 8 of the Dungeon)
 11026 | D:9      | Found a blossoming altar of Fedhas.
 11477 | D:9      | Found a staircase to the Orcish Mines.
 11727 | Orc:1    | Entered Level 1 of the Orcish Mines
 11728 | Orc:1    | Noticed an orc knight
 11864 | D:10     | Entered Level 10 of the Dungeon
 11884 | D:10     | Noticed a cyan ugly thing
 11905 | D:10     | Killed a cyan ugly thing
 12339 | D:10     | Noticed a gargoyle
 12352 | D:10     | Killed a gargoyle
 12449 | D:10     | Noticed a tengu warrior
 12481 | D:10     | Killed a tengu warrior
 12492 | D:10     | Reached skill level 5 in Throwing
 13333 | D:11     | Noticed a cyclops
 13391 | D:11     | Killed a cyclops
 13391 | D:11     | Reached XP level 11. HP: 70/92 MP: 10/10
 13529 | D:11     | Reached skill level 5 in Evocations
 13843 | D:11     | Found a staircase to the Lair.
 14119 | D:12     | Reached skill level 10 in Armour
 14329 | D:12     | Received a gift from Trog
 14572 | D:12     | Noticed Josephine
 14589 | D:12     | Killed Josephine
 14747 | D:12     | Noticed a green ugly thing
 14754 | D:12     | Killed a green ugly thing
 14979 | D:12     | Noticed a purple ugly thing
 14988 | D:12     | Killed a purple ugly thing
 15577 | D:13     | Noticed a deep elf mage
 15591 | D:13     | Killed a deep elf mage
 15671 | Lair:1   | Entered Level 1 of the Lair of Beasts
 15874 | Lair:1   | Reached skill level 15 in Polearms
 15874 | Lair:1   | Reached XP level 12. HP: 104/104 MP: 11/11
 16958 | Lair:2   | Found a staircase to the Snake Pit.
 17021 | Lair:2   | Received a gift from Trog
 17449 | Lair:3   | Found a radiant altar of Vehumet.
 18123 | Lair:3   | Noticed Urug
 18138 | Lair:3   | Killed Urug
 18345 | Lair:3   | Noticed a five-headed hydra
 18354 | Lair:3   | Killed a five-headed hydra
 19362 | D:9      | Reached skill level 10 in Fighting
 20254 | Orc:1    | Reached skill level 1 in Crossbows
 20432 | Orc:1    | Noticed Sonja
 20454 | Orc:1    | Killed Sonja
 20897 | Orc:2    | Entered Level 2 of the Orcish Mines
 21091 | Orc:2    | Found a staircase to the Elven Halls.
 21137 | Orc:2    | Noticed a stone giant
 21354 | Orc:2    | Killed a stone giant
 21354 | Orc:2    | Reached XP level 13. HP: 114/114 MP: 12/12
 22062 | Orc:2    | Noticed Nergalle
 22079 | Orc:2    | Killed Nergalle
 22086 | Orc:2    | Noticed an orc warlord
 22112 | Orc:2    | Killed an orc warlord
 22470 | Orc:2    | Found a roughly hewn altar of Beogh.
 22820 | Orc:2    | Found Ciphoudd's Antique Armour Emporium.
 23013 | Orc:2    | Found Delynt's Gadget Shop.
 23570 | Orc:2    | Found Ukheuqos's General Store.
 23612 | Orc:2    | Found Foociurr's Antique Weapon Emporium.
 23634 | Orc:2    | Found Ygougots's Book Emporium.
 24081 | Orc:2    | Noticed an orc warlord
 24095 | Orc:2    | Killed an orc warlord
 24188 | Orc:2    | Identified 2 scrolls of acquirement
 24188 | Orc:2    | Acquired a +2 pair of boots of running
 24203 | Orc:2    | Acquired the +0 pair of gloves of Discretion {rElec rPois
                  | MR+}
 24288 | Orc:2    | Bought storm dragon scales for 2080 gold pieces
 25064 | Lair:4   | Found a staircase to the Swamp.
 25085 | Lair:4   | Reached skill level 5 in Crossbows
 25322 | Lair:4   | Reached XP level 14. HP: 124/124 MP: 13/13
 25729 | Lair:5   | Found a runed translucent door.
 25743 | Lair:5   | Received a gift from Trog
 25972 | Lair:5   | Found a staircase to the Slime Pits.
 26749 | Lair:5   | Noticed rasy's ghost (journeyman MiHu)
 26754 | Lair:6   | Entered Level 6 of the Lair of Beasts
 27190 | Lair:6   | Found a gate leading to a gauntlet.
 27218 | Gauntlet | Entered a Gauntlet
 27218 | Gauntlet | Found a transporter.
 27227 | Gauntlet | Found a transporter.
 27231 | Gauntlet | Found a transporter.
 27235 | Gauntlet | Found a transporter.
 27236 | Gauntlet | Found a transporter.
 27237 | Gauntlet | Found a transporter.
 27253 | Gauntlet | Found a transporter.
 27263 | Gauntlet | Found a large runed translucent door.
 27263 | Gauntlet | Found a large runed translucent door.
 27264 | Gauntlet | Found a large runed translucent door.
 27264 | Gauntlet | Found a large runed translucent door.
 27265 | Gauntlet | Found a large runed translucent door.
 27265 | Gauntlet | Found a large runed translucent door.
 27266 | Gauntlet | Found a runed translucent gate.
 27266 | Gauntlet | Found a runed translucent door.
 27266 | Gauntlet | Found a large runed translucent door.
 27267 | Gauntlet | Found a large runed translucent door.
 27273 | Gauntlet | Found a transporter.
 27273 | Gauntlet | Found a runed translucent gate.
 27273 | Gauntlet | Found a transporter.
 27273 | Gauntlet | Found a transporter.
 27274 | Gauntlet | Found the +8 Wrath of Trog {antimagic, *Rage}
 27274 | Gauntlet | Found a runed translucent door.
 27274 | Gauntlet | Found a runed translucent gate.
 27276 | Gauntlet | Found a large runed translucent door.
 27276 | Gauntlet | Found a large runed translucent door.
 27276 | Gauntlet | Found a large runed translucent door.
 27276 | Gauntlet | Found a large runed translucent door.
 27277 | Gauntlet | Found a large runed translucent door.
 27278 | Gauntlet | Found a large runed translucent door.
 27280 | Gauntlet | Found a large runed translucent door.
 27280 | Gauntlet | Found a large runed translucent door.
 27325 | Gauntlet | Found a transporter.
 27385 | Gauntlet | Found a transporter.
 27636 | Gauntlet | Got a polished cloak
 27649 | Gauntlet | Identified the +2 cloak "Gaucveng" {rC+ Regen+} (You found
                  | it in a Gauntlet)
 27736 | Gauntlet | Identified the +9 hand axe "Keecsi" {vorpal, *Drain Int+4}
 27747 | Gauntlet | Found the +8 whip "Snakebite" {curare, rPois}
 27862 | Lair:6   | Reached skill level 15 in Armour
 28098 | Lair:6   | Received a gift from Trog
 29399 | Temple   | Entered the Ecumenical Temple
 30791 | D:14     | Reached XP level 15. HP: 134/134 MP: 14/14
 30961 | D:14     | Got a distressingly furry scale mail
 30972 | D:14     | Identified the cursed +0 scale mail "Hivu" {Rampage rC++
                  | rCorr SInv Stlth-} (You found it on level 14 of the
                  | Dungeon)
 31187 | D:14     | Noticed Snorg
 31190 | D:14     | Killed Snorg
 31400 | D:14     | Found a gate to the Vaults.
 31586 | D:15     | Entered Level 15 of the Dungeon
 31906 | D:15     | Reached ****** piety under Trog
 32010 | D:15     | Received a gift from Trog
 32106 | D:15     | Reached skill level 10 in Evocations
 32322 | Snake:1  | Entered Level 1 of the Snake Pit
 32326 | Snake:1  | Reached skill level 1 in Shields
 32586 | Snake:1  | Reached skill level 2 in Shields
 33789 | Snake:2  | Reached skill level 3 in Shields
 34099 | Snake:2  | Noticed a nagaraja
 34109 | Snake:2  | Identified the ring "Miul" {*Corrode MR++ Int+5 Dex+6}
 34114 | Snake:2  | Killed a nagaraja
 34544 | Snake:2  | Reached skill level 4 in Shields
 34544 | Snake:2  | Reached XP level 16. HP: 113/144 MP: 5/15
 34962 | Snake:2  | Received a gift from Trog
 35370 | Snake:3  | Noticed Asterion
 35394 | Snake:3  | Killed Asterion
 35394 | Snake:3  | Reached skill level 5 in Shields
 35497 | Snake:3  | Reached skill level 10 in Crossbows
 35785 | Snake:3  | Acquired a manual of Shields
 35820 | Snake:3  | Reached skill level 6 in Shields
 36024 | Snake:3  | Found a radiant altar of Vehumet.
 36327 | Snake:4  | Entered Level 4 of the Snake Pit
 36377 | Snake:4  | Reached skill level 7 in Shields
 36481 | Snake:4  | Got an encrusted chain mail
 36523 | Snake:3  | Identified the +12 chain mail of the Sea {SInv} (You found
                  | it on level 4 of the Snake Pit)
 36596 | Snake:4  | Reached skill level 8 in Shields
 36719 | Snake:4  | Reached skill level 9 in Shields
 36748 | Snake:4  | Noticed Nikola
 36932 | Snake:3  | Received a gift from Trog
 37011 | Snake:3  | Killed Nikola
 37163 | Snake:3  | Reached skill level 10 in Shields
 37454 | Snake:4  | Reached skill level 11 in Shields
 37504 | Snake:4  | Reached XP level 17. HP: 125/154 MP: 16/16
 37576 | Snake:4  | Reached skill level 12 in Shields
 37601 | Snake:4  | Received a gift from Trog
 37902 | Snake:4  | Got a serpentine rune of Zot
 38735 | Elf:1    | Entered Level 1 of the Elven Halls
 38959 | Elf:1    | Reached skill level 13 in Shields
 39150 | Elf:1    | Found a radiant altar of Vehumet.
 39201 | Elf:1    | Noticed Frances
 39250 | Elf:1    | Killed Frances
 40126 | Elf:1    | Upgraded the game from 0.26-a0-576-gcfaa98f945 to
                  | 0.26-a0-579-g3afe4966bf
 40182 | Elf:2    | Received a gift from Trog
 40208 | Elf:2    | Reached skill level 14 in Shields
 40228 | Elf:2    | Noticed Roxanne
 40507 | Elf:2    | Reached skill level 15 in Fighting
 40757 | Elf:2    | Found a huge runed translucent gate.
 40757 | Elf:2    | Found a huge runed translucent gate.
 40762 | Elf:2    | Found a huge runed translucent gate.
 40763 | Elf:2    | Found a huge runed translucent gate.
 40763 | Elf:2    | Found a huge runed translucent gate.
 40851 | Elf:2    | Reached skill level 15 in Shields
 41134 | Elf:2    | Received a gift from Trog
 41249 | Elf:2    | Reached XP level 18. HP: 149/163 MP: 17/17
 41500 | Elf:2    | Reached skill level 16 in Shields
 41609 | Elf:3    | Entered Level 3 of the Elven Halls
 41692 | Elf:3    | Found a radiant altar of Vehumet.
 42388 | Elf:3    | Noticed a Hell Sentinel
 42390 | Elf:3    | Received a gift from Trog
 42507 | Elf:3    | Identified the ring of the Philosopher {+Fly rF+ rC+ Slay+3
                  | Stlth+}
 42529 | Elf:3    | Noticed a Hell Sentinel
 42717 | Elf:2    | Killed Roxanne
 42930 | Elf:3    | Reached skill level 17 in Shields
 43022 | Elf:3    | Identified the +2 scimitar "Warubuew" {drain, Str+6}
 43271 | Elf:3    | Identified the +5 quarterstaff of the Spider Nest {vorpal,
                  | Int+4}
 43271 | Elf:3    | Identified the cursed ring of Rivvuz {rF+ rN+ Str-4}
 43283 | Elf:3    | Identified the +4 mace "Comudghu" {venom, *Rage +Rage
                  | Int+3}
 43412 | Elf:3    | Found the +6 lightning scales {run, rElec}
 44021 | Swamp:1  | Entered Level 1 of the Swamp
 44066 | Swamp:1  | Found a transporter.
 44236 | Swamp:1  | Got a glimmering chain mail
 44247 | Swamp:1  | Identified the cursed +0 chain mail "Zowkuukh" {Str+3} (You
                  | found it on level 1 of the Swamp)
 44410 | Swamp:1  | Reached XP level 19. HP: 172/172 MP: 18/18
 44437 | Swamp:1  | Received a gift from Trog
 44492 | Swamp:1  | Found a transporter.
 45032 | Swamp:2  | Found a runed translucent door.
 45032 | Swamp:2  | Found a shimmering altar of Xom.
 45032 | Swamp:2  | Noticed Xeizxiocw's ghost (adept HOFi)
 45797 | Swamp:3  | Received a gift from Trog
 46176 | Swamp:4  | Entered Level 4 of the Swamp
 46348 | Swamp:3  | Reached skill level 18 in Shields
 46446 | Swamp:4  | Cast into level 2 of the Abyss (spriggan rider)
 46584 | Swamp:4  | Escaped the Abyss
 47028 | Swamp:4  | Received a gift from Trog
 47300 | Swamp:4  | Noticed the 27-headed Lernaean hydra
 47318 | Swamp:4  | Killed the 26-headed Lernaean hydra
 47428 | Swamp:4  | Got a decaying rune of Zot
 48221 | Vaults:1 | Entered Level 1 of the Vaults
 48798 | Vaults:1 | Reached XP level 20. HP: 184/184 MP: 19/19
 48981 | Vaults:1 | Reached skill level 19 in Shields
 49014 | Vaults:1 | Received a gift from Trog
 49765 | Vaults:1 | Received a gift from Trog
 49839 | Vaults:2 | Noticed Sojobo
 50212 | Vaults:2 | Killed Sojobo
 51003 | Vaults:2 | Received a gift from Trog
 51348 | Vaults:2 | Found a staircase to the Crypt.
 51468 | Vaults:2 | Found a huge runed gate.
 51468 | Vaults:2 | Found a huge runed gate.
 51468 | Vaults:2 | Found a huge runed gate.
 51468 | Vaults:2 | Found a huge runed gate.
 51468 | Vaults:2 | Found a huge runed gate.
 51468 | Vaults:2 | Found a huge runed gate.
 51468 | Vaults:2 | Found a huge runed gate.
 51469 | Vaults:2 | Found a huge runed gate.
 51469 | Vaults:2 | Found a huge runed gate.
 51469 | Vaults:2 | Found a huge runed gate.
 51476 | Vaults:2 | Found a huge runed gate.
 51476 | Vaults:2 | Found a huge runed gate.
 51476 | Vaults:2 | Found a huge runed gate.
 51476 | Vaults:2 | Found a huge runed gate.
 51476 | Vaults:2 | Found a huge runed gate.
 51476 | Vaults:2 | Found a huge runed gate.
 51476 | Vaults:2 | Found a huge runed gate.
 51477 | Vaults:2 | Found a huge runed gate.
 51478 | Vaults:2 | Found a huge runed gate.
 51486 | Vaults:2 | Found a huge runed gate.
 51486 | Vaults:2 | Found a huge runed gate.
 51486 | Vaults:2 | Found a huge runed gate.
 51486 | Vaults:2 | Found a huge runed gate.
 51486 | Vaults:2 | Found a huge runed gate.
 51486 | Vaults:2 | Found a huge runed gate.
 51486 | Vaults:2 | Found a huge runed gate.
 51487 | Vaults:2 | Found a huge runed gate.
 51488 | Vaults:2 | Found a huge runed gate.
 51496 | Vaults:2 | Found a huge runed gate.
 51496 | Vaults:2 | Found a huge runed gate.
 51496 | Vaults:2 | Found a huge runed gate.
 51496 | Vaults:2 | Found a huge runed gate.
 51496 | Vaults:2 | Found a huge runed gate.
 51496 | Vaults:2 | Found a huge runed gate.
 51496 | Vaults:2 | Found a huge runed gate.
 51497 | Vaults:2 | Found a huge runed gate.
 51526 | Vaults:2 | Noticed Miduin's ghost (adept TeSu)
 51526 | Vaults:2 | Noticed Lofupn's ghost (adept SpEn)
 51526 | Vaults:2 | Noticed Zaor's ghost (adept GnSk)
 51526 | Vaults:2 | Noticed Paarhy's ghost (legendary MfBe)
 51526 | Vaults:2 | Noticed Erghig's ghost (adept DrIE)
 51526 | Vaults:2 | Noticed Keaj's ghost (adept FeCK)
 51535 | Vaults:2 | Reached skill level 20 in Shields
 51663 | Vaults:2 | Killed Zaor's ghost
 51663 | Vaults:2 | Received a gift from Trog
 51671 | Vaults:2 | Killed Keaj's ghost
 51700 | Vaults:2 | Killed Paarhy's ghost
 51701 | Vaults:2 | Killed Erghig's ghost
 51732 | Vaults:2 | Killed Lofupn's ghost
 51763 | Vaults:2 | Killed Miduin's ghost
 51871 | Vaults:2 | Got a heavily runed bone amulet
 51872 | Vaults:2 | Identified the amulet "Asuocen" {Reflect Fragile +Inv rElec
                  | MP+9 SH+5} (You found it on level 2 of the Vaults)
 51929 | Vaults:2 | Got a dazzling hat
 51940 | Vaults:2 | Identified the +0 hat of the Albatross {-Tele MR- Regen+
                  | Slay+5} (You found it on level 2 of the Vaults)
 52101 | Vaults:3 | Noticed Mara
 52104 | Vaults:3 | Noticed GeoCrane's illusion
 52180 | Vaults:2 | Noticed GeoCrane's illusion
 52234 | Vaults:2 | Killed Mara
 52234 | Vaults:2 | Reached XP level 21. HP: 127/193 MP: 20/20
 52862 | Vaults:3 | Acquired a +0 crystal plate armour
 54074 | Vaults:3 | Received a gift from Trog
 54747 | Vaults:3 | Reached skill level 21 in Shields
 54859 | Vaults:3 | Noticed Saint Roka
 54938 | Vaults:3 | Killed Saint Roka
 54938 | Vaults:3 | Received a gift from Trog
 55270 | Vaults:4 | Found a flickering gateway to a bazaar.
 55287 | Bazaar   | Entered a bazaar
 55287 | Bazaar   | Found Cicluizino's Jewellery Emporium.
 55287 | Bazaar   | Found Moud's Antique Weapon Shop.
 55287 | Bazaar   | Found Ephehaoz's Gadget Shoppe.
 55287 | Bazaar   | Found Laclar's Assorted Antiques.
 55289 | Bazaar   | Found Xovip's Assorted Antiques.
 55289 | Bazaar   | Found Pihaam Oceuc's Jewellery Boutique.
 55313 | Bazaar   | Bought a potion of curing for 75 gold pieces
 55313 | Bazaar   | Bought a scroll of enchant armour for 187 gold pieces
 55322 | Bazaar   | Bought a scroll of enchant armour for 180 gold pieces
 55326 | Bazaar   | Bought a tin of tremorstones (3/3) for 360 gold pieces
 55326 | Bazaar   | Bought a wand of acid (14) for 324 gold pieces
 56671 | Vaults:4 | Received a gift from Trog
 57076 | Vaults:4 | Reached XP level 22. HP: 188/203 MP: 21/21
 57907 | Vaults:5 | Entered Level 5 of the Vaults
 57911 | Vaults:5 | Received a gift from Trog
 58163 | Vaults:5 | Reached skill level 22 in Shields
 58181 | Vaults:5 | Reached skill level 15 in Evocations
 58837 | Vaults:5 | Noticed a golden dragon
 58842 | Vaults:5 | Killed a golden dragon
 58880 | Vaults:5 | Received a gift from Trog
 59006 | Vaults:5 | Got a silver rune of Zot
 59485 | Vaults:5 | Reached XP level 23. HP: 165/213 MP: 22/22
 59665 | Vaults:5 | Got a pair of faintly humming boots
 59672 | Vaults:5 | Got a pair of ichor-stained gloves
 59706 | Vaults:5 | Identified the +1 pair of boots "Duezun" {+Inv rElec MR-
                  | MP+9} (You found it on level 5 of the Vaults)
 59716 | Vaults:5 | Identified the -3 pair of gloves of Plog {Str+2 Dex+3} (You
                  | found it on level 5 of the Vaults)
 60535 | Vaults:5 | Received a gift from Trog
 61316 | D:15     | Found a staircase to the Depths.
 61991 | Slime:1  | Entered Level 1 of the Pits of Slime
 62987 | Slime:3  | Gained mutation: You tend to lose your temper in combat. [a
                  | shining eye]
 62993 | Slime:3  | Gained mutation: You are weak. (Str -2) [a shining eye]
 63092 | Slime:2  | Gained mutation: You have sharp fingernails. [a shining
                  | eye]
 63105 | Slime:2  | Received a gift from Trog
 63258 | Slime:3  | Reached skill level 23 in Shields
 63778 | Slime:4  | Gained mutation: Armour fits poorly on your strangely
                  | shaped body. [a shining eye]
 63795 | Slime:4  | Gained mutation: You have sharp toenails. [a shining eye]
 64149 | Slime:4  | Gained mutation: You do not regenerate when monsters are
                  | visible. [a shining eye]
 64425 | Slime:3  | Gained mutation: You are clumsy. (Dex -2) [a shining eye]
 64820 | Slime:5  | Entered Level 5 of the Pits of Slime
 65440 | Slime:5  | Gained mutation: You are frail. (-10% HP) [a shining eye]
 65448 | Slime:5  | Gained mutation: You are dopey. (Int -2) [a shining eye]
 65451 | Slime:5  | Noticed the Royal Jelly
 66381 | Orc:2    | Lost mutation: You are dopey. (Int -2) [potion of mutation]
 66381 | Orc:2    | Lost mutation: Armour fits poorly on your strangely shaped
                  | body. [potion of mutation]
 66381 | Orc:2    | Lost mutation: You have sharp fingernails. [potion of
                  | mutation]
 66381 | Orc:2    | Gained mutation: Your movements are slightly less
                  | encumbered by armour. (ER -2) [potion of mutation]
 66381 | Orc:2    | Gained mutation: Scrolls take you a little longer to read.
                  | [potion of mutation]
 66381 | Orc:2    | Lost mutation: You tend to lose your temper in combat.
                  | [potion of mutation]
 66382 | Orc:2    | Lost mutation: You are weak. (Str -2) [potion of mutation]
 66382 | Orc:2    | Lost mutation: You do not regenerate when monsters are
                  | visible. [potion of mutation]
 66382 | Orc:2    | Lost mutation: You are frail. (-10% HP) [potion of
                  | mutation]
 66382 | Orc:2    | Gained mutation: You are partially covered in yellow
                  | scales. (AC +2) [potion of mutation]
 66382 | Orc:2    | Gained mutation: You have razor-sharp toenails. [potion of
                  | mutation]
 66655 | D:6      | Killed Azo's ghost
 66923 | Lair:5   | Killed rasy's ghost
 67021 | Swamp:2  | Killed Xeizxiocw's ghost
 67180 | Swamp:1  | Got a clouded pewter ring
 67186 | Swamp:1  | Identified the ring "Hakhlui" {*Drain rC+++ MP+9 AC+4
                  | Str-4} (You found it on level 1 of the Swamp)
 67510 | Depths:1 | Entered Level 1 of the Depths
 67593 | Depths:1 | Noticed Aizul
 67603 | Depths:1 | Killed Aizul
 67633 | Depths:1 | Received a gift from Trog
 67634 | Depths:1 | Got a scorched spear {god gift}
 67635 | Depths:1 | Identified the +2 spear of Kiwediga {antimagic, *Corrode
                  | +Inv rN+++} (Trog gifted it to you on level 1 of the
                  | Depths)
 67895 | Depths:1 | Noticed Bai Suzhen
 68285 | Depths:1 | Acquired a +5 hand crossbow of freezing
 68337 | Depths:1 | Killed Bai Suzhen
 68559 | Depths:1 | Reached XP level 24. HP: 210/222 MP: 22/22
 68792 | Depths:1 | Found a gateway to Hell.
 69906 | Depths:2 | Reached skill level 24 in Shields
 69937 | Depths:2 | Identified the cursed +2 halberd of Execution {flame, rN+
                  | Str-4 Int+9}
 69980 | Depths:2 | Received a gift from Trog
 70171 | Depths:2 | Got a faintly glowing ring mail
 70173 | Depths:2 | Got a pair of transparent gloves
 70208 | Depths:2 | Identified the +3 tower shield of Cynicism {*Drain rPois
                  | rF+ MR+ Regen+}
 70521 | Depths:2 | Found a one-way gate to the infinite horrors of the Abyss.
 70625 | Depths:2 | You fall into a shaft and drop 1 floor!
 71445 | Depths:2 | Received a gift from Trog
 71888 | Depths:2 | Found Obuze's Jewellery Boutique.
 71888 | Depths:2 | Found Zafuusk's Gadget Emporium.
 71889 | Depths:2 | Found Sieffoxo's Gadget Emporium.
 72514 | Depths:3 | Got a slimy leather armour
 72586 | Depths:2 | Identified the +0 leather armour of Context {rElec Str-2
                  | Int+3 Dex+6} (You found it on level 3 of the Depths)
 72596 | Depths:2 | Identified the +2 ring mail of Cloud Cover {rC+ Dex+3} (You
                  | found it on level 2 of the Depths)
 72606 | Depths:2 | Identified the +2 pair of gloves "Qesunydgh" {MR++} (You
                  | found it on level 2 of the Depths)
 72789 | Depths:3 | Found a one-way gate leading to the halls of Pandemonium.
 73725 | Depths:4 | Received a gift from Trog
 73733 | Depths:4 | Reached skill level 25 in Shields
 73987 | Depths:4 | Reached XP level 25. HP: 233/233 MP: 22/22
 74514 | Depths:4 | Found a burning altar of Makhleb.
 74550 | Depths:4 | Found a runed translucent door.
 74634 | Depths:4 | Found a runed translucent door.
 74651 | Depths:4 | Got a transparent chain mail
 74656 | Depths:4 | Identified the cursed +0 chain mail "Zudd" {+Fly Int+2}
                  | (You found it on level 4 of the Depths)
 74682 | Depths:4 | Found the brooch of Shielding {Spirit SH+8}
 74691 | Depths:4 | Got a heavily runed tin ring
 74698 | Depths:4 | Identified the ring "Ontogup" {MR+ Str+4} (You found it on
                  | level 4 of the Depths)
 74775 | Depths:5 | Entered Level 5 of the Depths
 74795 | Depths:5 | Found a runed translucent door.
 74798 | Depths:5 | Noticed Zadkiel's ghost (veteran GrEE)
 74839 | Depths:5 | Found a gateway to a ziggurat.
 74971 | Depths:5 | Received a gift from Trog
 75591 | Depths:5 | Found a gate to the Realm of Zot.
 76205 | Zot:1    | Entered Level 1 of the Realm of Zot
 76957 | Zot:1    | Found a huge runed gate.
 76957 | Zot:1    | Found a huge runed gate.
 76957 | Zot:1    | Found a huge runed gate.
 76957 | Zot:1    | Found a huge runed gate.
 76957 | Zot:1    | Found a huge runed gate.
 76957 | Zot:1    | Found a huge runed gate.
 76957 | Zot:1    | Found a huge runed gate.
 76957 | Zot:1    | Found a huge runed gate.
 76972 | Zot:1    | Found a huge runed gate.
 76972 | Zot:1    | Found a huge runed gate.
 76972 | Zot:1    | Found a huge runed gate.
 76972 | Zot:1    | Found a huge runed gate.
 76972 | Zot:1    | Found a huge runed gate.
 76972 | Zot:1    | Found a huge runed gate.
 76981 | Zot:1    | Found a huge runed gate.
 77041 | Zot:1    | Noticed a Killer Klown
 77041 | Zot:1    | Noticed an ancient lich
 77041 | Zot:1    | Noticed a Killer Klown
 77042 | Zot:1    | Noticed an orb of fire
 77046 | Zot:1    | Noticed a juggernaut
 77046 | Zot:1    | a Killer Klown changed into a juggernaut
 77306 | Depths:5 | Upgraded the game from 0.26-a0-579-g3afe4966bf to
                  | 0.26-a0-591-g04f19ec95a
 80033 | Slime:4  | HP: 3/343 [acid blob[the Royal Jelly] (22)]
 80033 | Slime:4  | Splashed by an acid blob's acid

Illustrated notes

Levels and vault maps discovered:
D:1:      lightli_arrival_isolated_outpost, layout_basic
D:2:      layout_loops_ring, grunt_temple_overflow_octagram,
          chequers_ecumenical_altar_simple
D:3:      layout_basic, serial_undead, serial_undead_c, serial_undead_f,
          serial_undead_b, serial_undead_c, serial_undead_f, serial_undead_b,
          serial_undead_a, serial_undead_e, serial_undead_f, serial_undead_d
D:4:      cheibrodos_greedy_goblins, layout_layer_cave,
          nicolae_tso_swordbearing_angel, uniq_ijyb, uniq_menkaure
D:5:      layout_cave_pods, uniq_blork_the_orc
D:6:      layout_loops_ring, minmay_temple_entry_hall, serial_glass,
          glass_columns_c, glass_columns_b, ebering_ghost_reflecting_pool,
          uniq_edmund
D:7:      layout_rooms, tgw_trog, kennysheep_opposing_triangles
D:8:      layout_basic, grunt_tough_drop
D:9:      layout_loops_ring, fedhas_altar_1, erik_orc_2
D:10:     cheibrodos_barr_body, layout_long_grid
D:11:     layout_cave_pools, lair_entry_dummy, minmay_misc_feat_secret_circle
D:12:     layout_basic, minmay_unpleasant_kobolds, uniq_josephine
D:13:     layout_irregular_city, drop_trap
D:14:     layout_roguey, david_vaults_2, infiniplex_staircase_zigzag_5,
          uniq_snorg
D:15:     gammafunk_depths_entry_grave, layout_basic
Temple:   oiseaux_autumnal_temple
Lair:1:   layout_long_grid
Lair:2:   layout_long_grid, guppyfry_snake_entry_island, minivault_24,
          lemuel_old_faithful
Lair:3:   layout_cave_pods, basic_altar, serial_bayou_pond_c, uniq_urug
Lair:4:   layout_loops_ring, minmay_swamp_entry_worms,
          chequers_serial_rivers_small_3, st_stairs_11,
          small_statue_intersection, grunt_forest_stairs_basic, dpeg_oklob_1,
          lemuel_fruit_tree
Lair:5:   layout_layer_cave, nicolae_slime_entry_slimehenge,
          ebering_ghost_reflecting_pool, chequers_serial_rivers_large_a,
          serial_bayou_shore_b
Lair:6:   minmay_lair_end_enchanted_forest, layout_cave_pods,
          gauntlet_entry_generic, st_stairs_7, grunt_megastairs_4
Swamp:1:  gammafunk_worm_tunnel, layout_basic_swamp,
          nicolae_swamp_trees_clearing, infiniplex_staircase_pool
Swamp:2:  layout_basic_swamp, ebering_ghost_xom, evilmike_swamp_ruin_house_2
Swamp:3:  layout_falls_marsh, hangedman_swamp_blocks
Swamp:4:  grunt_swamp_rune_castle, layout_basic_swamp
Snake:1:  layout_chambers
Snake:2:  layout_layer_cave
Snake:3:  layout_cave_town, basic_altar, uniq_asterion
Snake:4:  snake_pit, layout_cave_town, uniq_nikola
Slime:1:  layout_caves
Slime:2:  layout_caves
Slime:3:  layout_caves
Slime:4:  layout_caves
Slime:5
Orc:1:    layout_caves, nicolae_orc_tapped_out, uniq_sonja
Orc:2:    grunt_orc_cross, layout_diamond_mine, serial_shops, shop_fountains,
          elf_legates
Elf:1:    dpeg_oklob_gauntlet, layout_onion_city, basic_altar,
          hangedman_elf_represent, uniq_frances
Elf:2:    layout_geoelf_diagonals, minivault_11, uniq_roxanne
Elf:3:    grunt_elf_hall_asides, layout_geoelf_castle, basic_altar
Vaults:1: v_rooms_3, ontoclasm_vaults_decontamination, v_misc_14,
          vaults_standard_mumra_lines, st_octagons_2, vaults_mumra_chevron,
          vaults_mumra_minichess_inversion, vaults_room_pool, vaults_room_fours,
          vaults_room_pools, layout_vaults_omnicross
Vaults:2: gammafunk_vaults_ghost_door_vault, minmay_crypt_entry_simple_sparse,
          grunt_vaults_hallway_long, nicolae_vaults_windows_and_doors_thing,
          v_alt_pattern_3, hangedman_vaults_stagger, vaults_mumra_hex,
          nicolae_vaults_what_the_h, ontoclasm_vaults_fault,
          nicolae_vaults_know_your_exits, nicolae_vaults_ring_of_whatevers,
          ontoclasm_vaults_loading_screen, layout_vaults_ring, uniq_sojobo
Vaults:3: vaults_dpeg_spiral, hangedman_vaults_maws, v_misc_10,
          nicolae_vaults_little_squares_1, v_misc_3, v_misc_29,
          nicolae_vaults_little_squares_1, nicolae_vaults_border_crossing,
          layout_vaults_quadrants, uniq_mara, uniq_saint_roka
Vaults:4: hangedman_vaults_unwind, vaults_dpeg_ring, v_misc_30,
          vaults_room_hallway, nicolae_vaults_an_arrangement,
          nicolae_vaults_asterisk, nicolae_vaults_mini_display_case,
          layout_vaults_chaotic_city, serial_shops, bzr_entry_road
Vaults:5
Depths:1: layout_basic, serial_bayou_ford_a, serial_glass, glass_columns_b,
          glass_columns_a, due_unseen_surprise, item_on_display_a, hell_entry,
          dk_noncrumbling_4, onia_ninara_cookie, uniq_bai_suzhen, uniq_aizul
Depths:2: minmay_the_grid_square_5x5_3x3
          [minmay_the_grid_square_5x5_three_walls,
          minmay_the_grid_square_5x5_minibox, minmay_the_grid_square_5x5_seven,
          minmay_the_grid_square_5x5_misaligned,
          minmay_the_grid_square_5x5_megaprize_checkered,
          minmay_the_grid_square_5x5_spiral_small,
          minmay_the_grid_square_5x5_pentomino_r,
          minmay_the_grid_square_5x5_lines,
          minmay_the_grid_square_5x5_hollow_slash], layout_basic,
          grunt_hell_entry_dis_grunt, roderic_lattice_a, abyss_entry,
          minmay_alternating_orb, serial_bayou_shore_a,
          minmay_staircase_windowed_small, minmay_shop_grove, firewood_loft
Depths:3: minmay_ornate_pinched, layout_gridville,
          pf_vacation_house_of_asmodeus, abyss_entry, pan_entry,
          hangedman_abyss_or_decor_passed
Depths:4: evilmike_makhleb_hellhole, layout_gridlike, grunt_hell_horde,
          chequers_serial_rivers_micro_e, abyss_entry,
          minmay_misc_feat_nine_boxes, st_stairs_4
Depths:5: evilmike_zot_entry_basic, layout_gridville, enter_ziggurat_d,
          hangedman_coc_ice_floe, abyss_entry,
          muffindrake_ghost_dead_mans_drink, minmay_misc_feat_rugged
Zot:1:    layout_gridlike, door_vault

Skill      XL: |  1  2  3  4  5  6  7  8  9 10 11 12 13 14 15 16 17 18 19 20 21 22 23 24 25 |
---------------+----------------------------------------------------------------------------+-----
Polearms       | 4 5 6 8 9 11 13 14 15 16 17 18 19 20 21 22 23 | 23.7
Armour         | 6 9 11 12 14 15 16 17 18 19 20 21 22 23 24 | 24.0
Fighting       | 5 7 9 10 11 12 13 14 15 16 17 18 19 20 21 | 21.2
Throwing       | 3 5 6 8 |  8.3
Evocations     | 3 4 6 7 8 9 10 11 12 13 14 15 16 17 | 17.0
Crossbows      | 2 5 7 9 10 | 10.0
Shields        | 4 11 15 17 18 20 21 22 23 25 | 25.0
Dodging        | |  2.1

Action                   |  1- 3 |  4- 6 |  7- 9 | 10-12 | 13-15 | 16-18 | 19-21 | 22-24 | 25-27 || total
-------------------------+-------+-------+-------+-------+-------+-------+-------+-------+-------++-------
Melee: Spear             |    69 |   167 |   538 |   495 |       |   768 |  1366 |  2490 |   508 ||  6401
       Headbutt          |     9 |    25 |    78 |   114 |   190 |   236 |   701 |   866 |   202 ||  2421
       Unarmed           |       |       |    17 |       |       |       |       |       |       ||    17
       Halberd           |       |       |       |   275 |     2 |       |       |       |       ||   277
       Demon trident     |       |       |       |   118 |   933 |       |       |       |       ||  1051
       Glaive            |       |       |       |       |   207 |       |       |       |       ||   207
       Trident           |       |       |       |       |   219 |   701 |   941 |       |       ||  1861
       Lajatang          |       |       |       |       |       |       |       |       |    56 ||    56
 Fire: Arbalest          |       |       |       |       |     1 |       |       |       |       ||     1
       Hand crossbow     |       |       |       |       |    15 |    57 |    20 |    27 |       ||   119
Throw: Dart              |       |       |    94 |   263 |   149 |   100 |    55 |   116 |       ||   777
Invok: Berserk           |       |     3 |     4 |     6 |     2 |     2 |     1 |       |     3 ||    21
       Trog's Hand       |       |     2 |       |     3 |     4 |     3 |     1 |     2 |       ||    15
       Brothers in Arms  |       |       |       |     8 |     4 |     4 |     8 |     2 |     2 ||    28
 Abil: Evoke Flight      |       |       |       |       |       |     1 |     2 |     1 |       ||     4
       Evoke Invisibilit |       |       |       |       |       |       |       |     2 |       ||     2
Evoke: Wand              |       |       |     4 |     3 |     3 |     7 |       |       |       ||    17
       Condenser vane    |       |       |       |       |       |     5 |     5 |     4 |     2 ||    16
       Box of beasts     |       |       |       |       |       |       |     7 |     5 |     2 ||    14
       Phantom mirror    |       |       |       |       |       |       |     2 |       |       ||     2
       Phial of floods   |       |       |       |       |       |       |     1 |       |       ||     1
       Tin of tremorston |       |       |       |       |       |       |       |     5 |       ||     5
  Use: Scroll            |       |       |       |    16 |    25 |     7 |    13 |    15 |     4 ||    80
       Potion            |       |       |       |     3 |       |       |     1 |     4 |     2 ||    10
 Stab: Sleeping          |     1 |       |       |       |       |       |       |       |       ||     1
       Distracted        |       |       |       |     4 |     1 |       |     3 |     4 |       ||    12
       Confused          |       |       |       |       |       |       |       |     3 |       ||     3
Armor: Animal skin       |     6 |    14 |       |       |       |       |       |       |       ||    20
       Plate armour      |       |       |    82 |       |       |       |       |       |       ||    82
       Chain mail        |       |       |       |   264 |   396 |   194 |   317 |       |       ||  1171
       Crystal plate arm |       |       |       |       |       |       |    44 |   481 |   345 ||   870
Dodge: Dodged            |    21 |    60 |   113 |   215 |   416 |   106 |   164 |   127 |   140 ||  1362
Block: Other             |       |       |       |       |    84 |       |       |       |    53 ||   137
       Reflection        |       |       |       |       |    25 |   143 |   129 |   148 |    17 ||   462
       Tower shield      |       |       |       |       |    79 |   802 |  1438 |  1502 |   363 ||  4184
       Kite shield       |       |       |       |       |    52 |       |       |       |       ||    52

Table legend: (Time is in decaauts)
 A = Elapsed time spent in this place.
 B = Non-inter-level travel time spent in this place.
 C = Inter-level travel time spent in this place.
 D = Time resting spent in this place.
 E = Time spent auto-exploring this place.
 F = Levels seen in this place.
 G = Mean time per level.
                   A        B        C        D        E       F      G
               +--------+--------+--------+--------+--------+-----+--------+
         Total |  73247 |  63958 |   9289 |  11635 |  37281 |  54 | 1356.4 |
       Dungeon |  21510 |  17768 |   3742 |   2522 |  12195 |  15 | 1434.0 |
        Temple |    238 |    210 |     28 |      0 |    210 |   1 |  238.0 |
          Lair |   8954 |   6649 |   2305 |    170 |   5414 |   6 | 1492.3 |
         Swamp |   3812 |   3259 |    553 |    381 |   1943 |   4 |  953.0 |
     Snake Pit |   5575 |   5412 |    163 |    805 |   3290 |   4 | 1393.8 |
    Slime Pits |   4444 |   4348 |     96 |   2269 |   1324 |   5 |  888.8 |
  Orcish Mines |   4892 |   4611 |    281 |   1794 |   1752 |   2 | 2446.0 |
   Elven Halls |   4372 |   4207 |    165 |    633 |   2400 |   3 | 1457.3 |
        Vaults |  10204 |   9088 |   1116 |   1410 |   4515 |   5 | 2040.8 |
        Depths |   8093 |   7258 |    835 |   1436 |   3924 |   5 | 1618.6 |
           Zot |    480 |    480 |      0 |    112 |    115 |   1 |  480.0 |
         Abyss |    124 |    124 |      0 |     18 |     63 |   1 |  124.0 |
        Bazaar |     46 |     46 |      0 |      0 |     18 |   1 |   46.0 |
      Gauntlet |    495 |    495 |      0 |     83 |    115 |   1 |  495.0 |
               +--------+--------+--------+--------+--------+-----+--------+

Top non-repeatable levels by time:
   Orc:2: 3115 daAuts
Vaults:4: 2476 daAuts
     D:9: 2394 daAuts
 Slime:4: 2376 daAuts
Vaults:3: 2067 daAuts
     D:5: 2010 daAuts
Vaults:5: 1981 daAuts
Vaults:2: 1944 daAuts
    D:12: 1910 daAuts
Depths:2: 1880 daAuts
     D:8: 1872 daAuts
Depths:4: 1832 daAuts
Depths:1: 1793 daAuts
   Orc:1: 1777 daAuts
Vaults:1: 1734 daAuts
